 Dungeon Sprint DCSS version 0.20-b1-18-gaa2fd62 (webtiles) character file.

52252 potatolord6000 the Slayer (level 14, -4/155 HPs)
             Began as a Minotaur Fighter on May 24, 2017.
             Was an Initiate of Gozag.
             Killed from afar by a fire giant (21 damage)
             ... with a fireball
             ... in the Dungeon (Sprint IX: "|||||||||||||||||||||||||||||").
             The game lasted 00:14:41 (3462 turns).

potatolord6000 the Slayer (Minotaur Fighter)        Turns: 3462, Time: 00:14:41

Health: -4/155     AC: 28    Str: 33    XL:     14   Next: 26%
Magic:  13/13      EV: 22    Int:  9    God:    Gozag
Gold:   254        SH:  4    Dex:  9    Spells: 13/13 levels left

rFire    . . .     SeeInvis .   u - +7 Screaming Sword
rCold    . . .     Gourm    .   (no shield)
rNeg     . . .     Faith    .   s - +6 scale mail "Cier" {Stlth+}
rPois    +         Spirit   .   (helmet restricted)
rElec    .         Reflect  +   j - +2 cloak {rPois}
rCorr    .         Harm     .   c - +0 pair of gloves of Efiaclipur {Int+4}
MR       ++...     NoTele   +   t - +0 pair of boots
Stlth    +.........             l - +4 amulet of reflection
Regen    0.4/turn               n - +2 ring of protection
MPRegen  0.2/turn               v - +6 ring of strength

@: gold aura
A: retaliatory headbutt, horns 2, repulsion field 1, magic resistance 1
a: Potion Petition, Call Merchant, Bribe Branch, Renounce Religion


You were in the Dungeon.
You worshipped Gozag.
Gozag was aware of your devotion.
You were not hungry.

You visited 1 branch You collected 14868 gold pieces.
You spent 2945 gold pieces at shops.
You paid 11669 gold pieces to Gozag.

Inventory:

Hand Weapons
 u - the +7 Screaming Sword (weapon)
   (You bought it in a shop in the Dungeon)
Armour
 c - the +0 pair of gloves of Efiaclipur (worn) {Int+4}
   (You bought it in a shop in the Dungeon)

   It affects your intelligence (+4).
 j - a +2 cloak of poison resistance (worn)
 s - the +6 scale mail "Cier" (worn) {Stlth+}
   (You bought it in a shop in the Dungeon)

   It makes you more stealthy.
 t - a +0 pair of boots (worn)
Jewellery
 l - a +4 amulet of reflection (around neck)
 n - a +2 ring of protection (left hand)
 v - a +6 ring of strength (right hand)
Scrolls
 d - 5 scrolls of remove curse
 h - 2 scrolls of amnesia
 k - 4 scrolls of blinking
 p - 3 scrolls of fear
 q - 2 scrolls of identify
 r - 4 scrolls of enchant weapon
Potions
 a - a potion of brilliance
 b - a potion of degeneration {unknown}
 e - 7 potions of curing
 i - 4 potions of magic
 o - 2 potions of berserk rage
 w - a potion of haste
Comestibles
 f - 40 fruits
 g - 12 bread rations
 m - 10 meat rations


   Skills:
 + Level 22.3 Fighting
 + Level 22.2 Long Blades
 + Level 22.2 Armour
 + Level 20.6 Dodging
   Level 3.6 Shields


You had 13 spell levels left.
You didn't know any spells.

Dungeon Overview and Level Annotations

Branches:
Dungeon (1/1)

Altars:
Cheibriados
Dithmenos
Elyvilon
Fedhas
Gozag
Hepliaklqana
Kikubaaqudgha
Makhleb
Nemelex Xobeh
Okawaru
Qazlal
Ru
Sif Muna
Trog
Uskayaw
Vehumet
Xom
Yredelemnul
Zin
The Shining One
Beogh
Jiyva
Lugonu

Shops:
D ([[==}=![:?=([


Innate Abilities, Weirdness & Mutations

You reflexively headbutt those who attack you in melee.
You have a pair of horns on your head.
You are surrounded by a mild repulsion field. (EV +2)
You are resistant to hostile enchantments. (MR+)


Message History

The fire giant is heavily wounded.
The yaktaur is no longer distracted by gold.
The yaktaur is distracted by the nearby gold.
The fire giant hits you with a great sword of flaming!!
* * * LOW HITPOINT WARNING * * *
The fire giant burns you!
* * * LOW HITPOINT WARNING * * *
The yaktaur shouts!
You hit the fire giant. You headbutt the fire giant!
The fire giant is heavily wounded.
Unknown command.
You slice the fire giant!!
The fire giant is severely wounded.
The Screaming Sword yells deafeningly.
The monsters around you reel from the noise!
The centaur warrior is no longer distracted by gold.
The fire giant gestures at you while chanting.
The fireball explodes!
The fireball engulfs you!
You die...
Your body crumbles into a pile of gold.

▓▓▓▓▓▓▓▓▓▓▓▓▓▓▓▓▓▓▓▓▓▓▓▓
..........$.$$$$@Cu$cGcC
▓▓▓▓▓▓▓▓▓▓▓▓▓▓▓▓▓▓▓▓▓▓▓▓▓▓▓▓▓▓▓▓▓
.................................
▓▓▓▓▓▓▓▓▓▓▓▓▓▓▓▓▓▓▓▓♣♣♣♣♣♣♣♣♣♣▓▓▓
..........')........').∩.[...('((
▓▓▓▓▓▓▓▓▓▓▓▓▓▓▓▓▓▓▓▓♣♣♣♣♣♣♣♣♣♣▓▓▓
.................................
▓▓▓▓▓▓▓▓▓▓▓▓▓▓▓▓▓▓▓▓▓▓▓▓▓▓▓▓▓▓▓▓▓
....'..==.)))))))).[[[[[[[[......


You could see a purple very ugly thing, a fire giant, a great orb of eyes, an
ettin, a centaur warrior and a yaktaur.

Vanquished Creatures
  A lich (D)
  Rupert (D)
  A nagaraja (D)
  2 very ugly things (D)
  A stone giant (D)
  A vampire knight (D)
  An ettin (D)
  A fire dragon (D)
  2 great orbs of eyes (D)
  2 ice dragons (D)
  4 hydras (D)
  2 naga warriors (D)
  A rakshasa (D)
  2 catoblepae (D)
  An alligator (D)
  A ghost crab (D)
  5 ogre magi (D)
  2 deep troll shamans (D)
  2 two-headed ogres (D)
  A deep troll earth mage (D)
  3 death yaks (D)
  A vampire mage (D)
  An orc high priest (D)
  2 shock serpents (D)
  2 naga sharpshooters (D)
  Urug (D)
  3 deep trolls (D)
  A fire crab (D)
  A sea snake (D)
  A spriggan druid (D)
  3 swamp dragons (D)
  3 orc knights (D)
  4 manticores (D)
  An orb spider (D)
  A wolf spider (D)
  2 ugly things (D)
  2 black mambas (D)
  Joseph (D)
  2 spiny frogs (D)
  A yaktaur (D)
  A komodo dragon (D)
  A rime drake (D)
  3 demonic crawlers (D)
  3 trolls (D)
  A tyrant leech (D)
  2 jumping spiders (D)
  A merfolk (D)
  A bog body (D)
  A hornet (D)
  A slime creature (D)
  A snapping turtle (D)
  A blink frog (D)
  A hippogriff (D)
  2 water elementals (D)
  A spriggan (D)
  2 redbacks (D)
  2 wyverns (D)
  4 yaks (D)
  A water moccasin (D)
  A floating eye (shapeshifter) (D)
  2 porcupines (D)
  10 orc warriors (D)
  A centaur (D)
  A phantom (D)
  A boggart (D)
  2 ogres (D)
  4 crocodiles (D)
  A bullfrog (D)
  3 orc priests (D)
  A jelly (D)
  4 orc wizards (D)
  An adder (D)
  2 adder skeletons (D)
  An adder zombie (D)
  A leopard gecko (D)
  5 orcs (D)
  A bat skeleton (D)
  A giant cockroach (D)
  A goblin (D)
  A hobgoblin (D)
  A quokka (D)
  A leopard gecko skeleton (D)
  A leopard gecko zombie (D)
  A rat (D)
149 creatures vanquished.

Vanquished Creatures (others)
  An orc wizard (D)
1 creature vanquished.

Grand Total: 150 creatures vanquished

Notes
Turn   | Place    | Note
-------+----------+-------------------------------------------
     0 | D        | potatolord6000 the Minotaur Fighter began the quest for the Orb.
     0 | D        | Reached XP level 1. HP: 19/19 MP: 0/0
    15 | D        | Reached skill level 1 in Dodging
    24 | D        | Noticed an ogre
    30 | D        | Killed an ogre
    30 | D        | Reached skill level 5 in Long Blades
    30 | D        | Reached XP level 2. HP: 25/30 MP: 1/1
    30 | D        | Reached XP level 3. HP: 31/37 MP: 2/2
    30 | D        | Reached XP level 4. HP: 37/44 MP: 3/3
    43 | D        | Found a roughly hewn altar of Beogh.
    43 | D        | Found a snail-covered altar of Cheibriados.
    43 | D        | Found a shadowy altar of Dithmenos.
    43 | D        | Found a white marble altar of Elyvilon.
    43 | D        | Found a blossoming altar of Fedhas.
    43 | D        | Found an opulent altar of Gozag.
    44 | D        | Found a hazy altar of Hepliaklqana.
    45 | D        | Found a viscous altar of Jiyva.
    46 | D        | Found an ancient bone altar of Kikubaaqudgha.
    47 | D        | Found a corrupted altar of Lugonu.
    48 | D        | Found a burning altar of Makhleb.
    49 | D        | Found a sparkling altar of Nemelex Xobeh.
    50 | D        | Found an iron altar of Okawaru.
    51 | D        | Found a stormy altar of Qazlal.
    53 | D        | Became a worshipper of Gozag Ym Sagoz the Greedy
    55 | D        | Found a sacrificial altar of Ru.
    56 | D        | Found a deep blue altar of Sif Muna.
    57 | D        | Found a bloodstained altar of Trog.
    58 | D        | Found a hide-covered altar of Uskayaw.
    59 | D        | Found a radiant altar of Vehumet.
    61 | D        | Found a shimmering altar of Xom.
    62 | D        | Found a basalt altar of Yredelemnul.
    63 | D        | Found a glowing silver altar of Zin.
    64 | D        | Found a glowing golden altar of the Shining One.
   112 | D        | Noticed a two-headed ogre
   112 | D        | Noticed an ogre
   112 | D        | Noticed a centaur
   113 | D        | Reached skill level 5 in Dodging
   117 | D        | Killed a two-headed ogre
   117 | D        | Reached skill level 10 in Fighting
   117 | D        | Reached skill level 10 in Long Blades
   117 | D        | Reached skill level 10 in Armour
   117 | D        | Reached XP level 5. HP: 59/59 MP: 4/4
   117 | D        | Reached XP level 6. HP: 67/67 MP: 5/5
   117 | D        | Reached XP level 7. HP: 73/73 MP: 6/6
   164 | D        | Noticed a wyvern
   164 | D        | Noticed a two-headed ogre
   164 | D        | Noticed a manticore
   171 | D        | Killed a wyvern
   171 | D        | Reached XP level 8. HP: 76/82 MP: 7/7
   173 | D        | Killed a two-headed ogre
   173 | D        | Reached skill level 10 in Dodging
   178 | D        | Killed a manticore
   178 | D        | Reached XP level 9. HP: 83/91 MP: 8/8
   199 | D        | Bought a pair of bloodstained gloves for 190 gold pieces
   199 | D        | Bought a glowing cloak for 150 gold pieces
   214 | D        | Identified the +0 pair of gloves of Efiaclipur {Int+4} (You bought it in a shop in the Dungeon)
   251 | D        | Noticed Joseph
   266 | D        | Killed Joseph
   508 | D        | Gained mutation: You are resistant to hostile enchantments. (MR+) [potion of mutation]
   508 | D        | Gained mutation: You are surrounded by a mild repulsion field. (EV +2) [potion of mutation]
   521 | D        | Noticed a komodo dragon
   521 | D        | Noticed a four-headed hydra
   521 | D        | Noticed a six-headed hydra
   521 | D        | Noticed a spiny frog
   525 | D        | Killed a komodo dragon
   539 | D        | Killed a one-headed hydra
   544 | D        | Killed a two-headed hydra
   544 | D        | Reached XP level 10. HP: 48/103 MP: 9/9
   550 | D        | Killed a spiny frog
   691 | D        | Bought the +6 scale mail "Cier" {Stlth+} for 525 gold pieces
   704 | D        | Noticed a fire crab
   710 | D        | Noticed a spiny frog
   720 | D        | Killed a fire crab
   725 | D        | Reached skill level 15 in Fighting
   725 | D        | Reached skill level 15 in Armour
   727 | D        | Killed a spiny frog
   727 | D        | Reached skill level 15 in Long Blades
   882 | D        | Noticed a catoblepas
   882 | D        | Noticed a death yak
   882 | D        | Noticed a death yak
   888 | D        | Noticed a catoblepas
   905 | D        | Killed a catoblepas
   908 | D        | Noticed a death yak
   927 | D        | Killed a death yak
   927 | D        | Reached XP level 11. HP: 24/114 MP: 10/10
   935 | D        | Killed a death yak
   944 | D        | Killed a catoblepas
   954 | D        | Killed a death yak
  1311 | D        | Reached skill level 15 in Dodging
  1369 | D        | Bought the +7 Singing Sword for 1000 gold pieces
  1479 | D        | Noticed an orc knight
  1480 | D        | Noticed an orc knight
  1486 | D        | Killed an orc knight
  1495 | D        | Killed an orc knight
  1498 | D        | Noticed an orc high priest
  1514 | D        | Noticed a sixfirhy
  1514 | D        | Killed an orc high priest
  1771 | D        | Found Wiyvvopn's Gadget Emporium.
  1771 | D        | Noticed a deep troll
  1771 | D        | Noticed an ettin
  1771 | D        | Noticed a deep troll
  1771 | D        | Noticed a stone giant
  1771 | D        | Noticed an ogre mage
  1773 | D        | Killed a deep troll
  1775 | D        | Noticed a deep troll
  1779 | D        | Killed a stone giant
  1783 | D        | Killed an ettin
  1785 | D        | Killed a deep troll
  1785 | D        | Reached XP level 12. HP: 121/127 MP: 11/11
  1787 | D        | Noticed an ogre mage
  1790 | D        | Found Wueseki's Distillery.
  1791 | D        | Killed an ogre mage
  1793 | D        | Found Govoahy's Antique Armour Emporium.
  1793 | D        | Noticed an ogre mage
  1795 | D        | Noticed an ogre mage
  1796 | D        | Found Xiusch's Book Shoppe.
  1796 | D        | Noticed an ogre mage
  1799 | D        | Killed an ogre mage
  1810 | D        | Killed an ogre mage
  1812 | D        | Killed an ogre mage
  1826 | D        | Killed an ogre mage
  2002 | D        | Bought a +4 amulet of reflection for 378 gold pieces
  2043 | D        | Noticed Urug
  2054 | D        | Killed Urug
  2159 | D        | Noticed a six-headed hydra
  2166 | D        | Noticed a seven-headed hydra
  2169 | D        | Killed a ten-headed hydra
  2175 | D        | Noticed a deep troll shaman
  2176 | D        | Noticed a purple very ugly thing
  2184 | D        | Killed an 11-headed hydra
  2187 | D        | Noticed a vampire mage
  2189 | D        | Noticed a lich
  2192 | D        | Noticed a great orb of eyes
  2192 | D        | Killed a purple very ugly thing
  2196 | D        | Killed a deep troll shaman
  2205 | D        | Killed a lich
  2205 | D        | Reached XP level 13. HP: 78/139 MP: 12/12
  2953 | D        | Noticed a nagaraja
  2973 | D        | Killed a nagaraja
  3307 | D        | Bought a +6 ring of strength for 702 gold pieces
  3344 | D        | Noticed Rupert
  3352 | D        | Killed Rupert
  3352 | D        | Reached XP level 14. HP: 146/152 MP: 13/13
  3424 | D        | Noticed a vampire knight
  3427 | D        | Killed a vampire knight
  3442 | D        | Paralysed by a floating eye for 2 turns
  3443 | D        | Noticed a red very ugly thing
  3445 | D        | Noticed a fire giant
  3452 | D        | Noticed a purple very ugly thing
  3453 | D        | Killed a red very ugly thing
  3462 | D        | Killed from afar by a fire giant

Skill      XL: |  1  2  3  4  5  6  7  8  9 10 11 12 13 14 |
---------------+-------------------------------------------+-----
Fighting       | 6 10 11 12 14 15 17 19 21 22 | 22.3
Armour         | 6 10 11 12 14 15 17 19 21 22 | 22.2
Dodging        | 4 8 9 11 12 14 16 18 20 | 20.6
Long Blades    | 5 10 12 14 15 17 19 21 22 | 22.2
Shields        | |  3.6

Action                   |  1- 3 |  4- 6 |  7- 9 | 10-12 | 13-15 || total
-------------------------+-------+-------+-------+-------+-------++-------
Melee: Long sword        |    11 |     7 |       |       |       ||    18
       Headbutt          |     3 |     3 |    13 |    67 |    55 ||   141
       Scimitar          |       |     3 |    54 |   119 |       ||   176
       Double sword      |       |       |       |   110 |   137 ||   247
Invok: Call Merchant     |       |       |     1 |     6 |     3 ||    10
  Use: Potion            |     2 |     2 |     1 |     3 |     4 ||    12
 Stab: Invisible         |       |     1 |       |       |       ||     1
       Distracted        |       |       |     1 |     3 |     1 ||     5
  Eat: Bread ration      |       |       |       |     1 |       ||     1
       Meat ration       |       |       |       |     2 |       ||     2
Armor: Scale mail        |     2 |     2 |       |    60 |    37 ||   101
       Ring mail         |       |       |    18 |     1 |       ||    19
Dodge: Dodged            |     5 |     5 |    29 |   124 |    93 ||   256
Block: Other             |       |       |       |     8 |    14 ||    22
       Rpst.: Long sword |     2 |       |       |       |       ||     2
       Scimitar          |       |     2 |     7 |    19 |       ||    28
       Double sword      |       |       |       |    13 |    22 ||    35
